AoeStats
← NPG | NUNCAPUEDOGANAR

African Clearing

510438212Analyzed
4v4 RM · 18h ago on Oct 1, 2026· 57m 57s· 8 players
Game mode
Random Map
Map size
Large (8 player)
Population
200
Speed
Normal
Resources
Standard
Victory
Conquest
Starting age
Dark Age
Ending age
Imperial Age
RankedLock teamsTeams togetherTeam positionsShared explorationLock speedFull tech treeHidden civsTurbo modeCheats
Victory
Defeat
🇨🇱 Huns · Chile
1337
+12
1317
+12
🇨🇱 Khmer · Chile
1315
+12
🇨🇱 Saxons · Chile
1010
+25
🇳🇨 Koreans · New Caledonia
1356
-20
🇺🇸 Vietnamese · United States
1273
-17
🇲🇽 Tatars · Mexico
1148
-12
🇭🇰 Huns · Hong Kong SAR China
1136
-12
NPG | CanuTo SionisTa
6:01 Loom
14:55 Feudal Age
17:53 Castle Age
16:14 Double-Bit Axe
17:08 Fishing Lines
17:45 Bloodlines
20:22 Gold Mining
23:41 Scale Barding Armor
24:09 Gillnets
24:55 Town Watch
28:01 Chain Barding Armor
28:36 Husbandry
29:19 Horse Collar
32:11 Stone Mining
38:17 Imperial Age
37:28 Pikeman
39:23 Bow Saw
39:14 Heavy Plow
40:32 Conscription
40:36 Scale Mail Armor
40:48 Forging
41:36 Chain Mail Armor
42:51 Tusk Swords
43:56 Gold Shaft Mining
43:04 Halberdier
43:31 Arson
45:04 Iron Casting
45:06 Plate Barding Armor
45:39 Stone Shaft Mining
45:44 Wheelbarrow
45:05 Elite Battle Elephant
47:21 Blast Furnace
49:43 Hand Cart
57:40 Light Cavalry
NPG EL POLLA RECORDS
10:42 Loom
13:04 Feudal Age
18:12 Castle Age
16:17 Double-Bit Axe
17:08 Bloodlines
16:59 Horse Collar
28:02 Scale Barding Armor
29:18 Wheelbarrow
28:31 Town Watch
32:08 Chain Barding Armor
33:29 Forging
34:41 Bow Saw
35:32 Iron Casting
35:53 Heavy Plow
40:15 Imperial Age
38:18 Husbandry
40:59 Hand Cart
40:23 Cavalier
41:08 Vendel Legacy
42:10 Conscription
43:13 Plate Barding Armor
45:54 Blast Furnace
46:25 Light Cavalry
48:51 Hussar
48:57 Capped Ram
50:36 Elite Varangian Guard
52:02 Squires
51:47 Arson
51:48 Gambesons
52:52 Siege Ram
54:27 Gothikon
58:03 Scale Mail Armor
NPG | NUNCAPUEDOGANAR
4:24 Loom
13:22 Feudal Age
14:39 Double-Bit Axe
22:55 Castle Age
21:32 Scale Mail Armor
22:54 Horse Collar
40:34 Forging
47:59 Iron Casting
47:40 Chain Mail Armor
48:59 Pikeman
52:07 Bow Saw
58:05 Imperial Age
56:30 Wheelbarrow
NPG | Kraxher
4:05 Loom
14:20 Feudal Age
14:56 Double-Bit Axe
22:29 Castle Age
30:26 Fletching
32:19 Wheelbarrow
36:39 Bodkin Arrow
36:59 Gold Mining
37:43 Padded Archer Armor
37:38 Town Watch
38:50 Bow Saw
40:45 Horse Collar
43:46 Bloodlines
43:43 Scale Barding Armor
43:54 Leather Archer Armor
43:03 Elite Skirmisher
46:45 Imperial Age
45:55 Ballistics
49:10 Imperial Age
46:57 Hand Cart
48:46 Thumb Ring
49:59 Bracer
51:12 Chemistry
50:44 Parthian Tactics
51:30 Capped Ram
53:18 Siege Ram
54:31 Masonry
58:03 Chain Barding Armor
57:54 Forging
Gauss
4:01 Loom
12:31 Feudal Age
13:00 Double-Bit Axe
13:42 Horse Collar
15:26 Town Watch
16:17 Wheelbarrow
21:46 Castle Age
20:25 Fletching
24:48 Bodkin Arrow
32:16 Ballistics
34:40 Padded Archer Armor
36:10 Hand Cart
36:46 Murder Holes
37:12 Masonry
38:36 Marauders
48:03 Imperial Age
46:42 Bow Saw
47:29 Town Patrol
49:14 Parthian Tactics
48:10 Heavy Cavalry Archer
49:52 Conscription
51:56 Leather Archer Armor
51:41 Bracer
57:03 Chemistry
OLD_SAINT_DICK
10:52 Loom
12:58 Feudal Age
14:18 Feudal Age
16:11 Double-Bit Axe
18:48 Castle Age
17:40 Gold Mining
18:54 Fletching
20:12 Bow Saw
19:48 Crossbowman
20:01 Crossbowman
23:59 Ballistics
26:01 Horse Collar
32:34 Bodkin Arrow
35:25 Padded Archer Armor
35:56 Heavy Plow
37:42 Wheelbarrow
39:26 Padded Archer Armor
40:33 Hand Cart
42:53 Leather Archer Armor
43:39 Thumb Ring
47:42 Squires
49:51 Town Watch
55:24 Imperial Age
Sebastián
14:00 Feudal Age
12:15 Loom
18:23 Castle Age
17:26 Bloodlines
18:15 Forging
30:30 Husbandry
35:23 Scale Barding Armor
39:21 Chain Barding Armor
45:07 Imperial Age
43:17 Wheelbarrow
43:38 Iron Casting
46:40 Conscription
46:37 Silk Armor
46:02 Elite Steppe Lancer
47:57 Plate Barding Armor
48:50 Blast Furnace
47:58 Heavy Camel Rider
50:32 Light Cavalry
52:09 Hand Cart
51:37 Horse Collar
54:17 Hussar
SySeN_
6:15 Loom
12:59 Feudal Age
13:43 Double-Bit Axe
19:56 Town Watch
23:58 Wheelbarrow
28:58 Castle Age
27:50 Horse Collar
29:18 Gold Mining
29:18 Stone Mining
29:56 Bow Saw
35:19 Hand Cart
39:06 Imperial Age
37:12 Fletching
38:07 Gold Shaft Mining
38:07 Bodkin Arrow
39:13 Ballistics
39:14 Elite War Wagon
40:56 Chemistry
39:59 Bracer
41:16 Conscription
42:27 Two-Man Saw
41:34 Heavy Plow
42:09 Masonry
41:40 Treadmill Crane
45:05 Stone Shaft Mining
47:36 Heavy Rocket Cart
Connection lost

Rejoining the realm…

Still unreachable

The connection could not be restored.

Session expired

The server has moved on; the page needs a fresh start.